 Dungeon Crawl Stone Soup version 0.26.1-10-gdfb7c7de75 (webtiles) character file.

Game seed: 10241936458459053985

337 GenialerGandalf the Chopper (level 6, -7/82 HPs)
             Began as a Hill Orc Fighter on Apr 3, 2021.
             Killed by divine providence
             ... invoked by an orc priest
              (16 damage)
             ... on level 4 of the Dungeon.
             The game lasted 00:21:47 (3353 turns).

GenialerGandalf the Chopper (Hill Orc Fighter)      Turns: 3353, Time: 00:21:49

Health: -7/82      AC: 30    Str: 21    XL:     6   Next: 54%
Magic:  6/6        EV:  2    Int:  8    God:
Gold:   224        SH:  9    Dex: 10    Spells: 5/5 levels left

rFire    + . .     SeeInvis .   y - +0 mace (protect)
rCold    . . .     Faith    .   c - +0 kite shield
rNeg     + + +     Spirit   .   (armour currently unavailable)
rPois    +         Reflect  .   (helmet currently unavailable)
rElec    .         Harm     .   (cloak currently unavailable)
rCorr    .         Rampage  .   (gloves currently unavailable)
Will     .....     NoTele   +   (boots currently unavailable)
Stlth    +.........             (no amulet)
HPRegen  0.23/turn              A - ring of protection from fire
MPRegen  0.10/turn              (no ring)

@: tree-form (expiring), protection aura, slowed, very slow
A: no striking features
a: Convert to Beogh


You were on level 4 of the Dungeon.
You were a tree.
You visited 1 branch of the dungeon, and saw 4 of its levels.

You collected 224 gold pieces.

Inventory:

Hand Weapons
 a - a +0 war axe
 y - a +0 mace of protection (weapon)
 B - a +0 morningstar
Missiles
 g - a throwing net (quivered)
 k - 49 stones
 n - 67 bolts
 r - 14 sling bullets
 t - 41 arrows
Armour
 b - a +0 scale mail
 c - a +0 kite shield (worn)
 u - a cursed +0 scale mail (melded)
Jewellery
 A - a ring of protection from fire (left branch)
Scrolls
 f - 2 scrolls of enchant armour {unknown}
 i - a scroll of amnesia {unknown}
 l - a scroll of noise {unknown}
 o - 3 scrolls of identify
 p - a scroll of enchant weapon {unknown}
 q - 3 scrolls of random uselessness
 s - 2 scrolls of fear {unknown}
 w - a scroll of remove curse {unknown}
 C - a scroll of immolation {unknown}
 D - 2 scrolls of magic mapping {unknown}
Potions
 d - 3 potions of might
 j - a potion of attraction {unknown}
 m - a potion of resistance {unknown}
 v - a potion of flight {unknown}
 z - a potion of invisibility {unknown}
 E - a potion of cancellation {unknown}
 F - a potion of curing {unknown}


   Skills:
 + Level 4.9 Fighting
 + Level 5.5(5.6) Axes
 + Level 4.0 Armour
 + Level 1.9 Dodging
 + Level 0.1 Stealth
 + Level 4.4 Shields


You had 5 spell levels left.
You didn't know any spells.
Your spell library was empty.

Dungeon Overview and Level Annotations

Branches:
Dungeon (4/15)
 Temple: D:4-7

Altars:
Dithmenos


Message History

You closely miss the orc priest.
The orc priest is moderately wounded.
The orc priest shouts, "Beogh is our master!
Accept the truth or die!"
The orc priest barely misses you.
You completely miss the orc wizard.
Your transformation is almost over.
You block the orc wizard's attack.
The orc wizard hits you but does no damage.
The orc priest hits you but does no damage.
The orc wizard hits you but does no damage.
The orc priest shouts, "Surrender to Beogh and we'll let you live!"
The orc priest hits you with a +0 war axe.
* * * LOW HITPOINT WARNING * * *
You sock the orc wizard!
Your weapon exudes an aura of protection.
The orc wizard is severely wounded.
The orc wizard hits you but does no damage. x2
The orc priest invokes the aid of Beogh against you.
Beogh smites you!
You die...

#.#..#.#.##...#
#.............#
###.#.##.##...#
#......# .##
######.#### #
#.......#
#.####..#
###..# #♣o..#
#o##.# #.# .#
... .# ##.# ##
#.# ... #.#


You could see an orc priest and an orc wizard (fast).

Vanquished Creatures
  A scorpion (D:3)
  A hound (D:3)
  2 orc wizards
  A worker ant (D:4)
  3 gnolls
  4 adders (D:2)
  3 worms
  4 dart slugs
  3 leopard geckos (D:2)
  10 orcs
  5 bats
  A giant cockroach (D:1)
  12 goblins
  15 hobgoblins
  3 jackals
  7 kobolds
  A quokka (D:2)
  A ball python (D:2)
  5 frilled lizards
  10 rats
  A bush (D:1)
93 creatures vanquished.

Vanquished Creatures (others)
  4 plants (D:1)
4 creatures vanquished.

Grand Total: 97 creatures vanquished

Notes
Turn   | Place    | Note
-------+----------+-------------------------------------------
     0 | D:1      | GenialerGandalf the Hill Orc Fighter began the quest for
                  | the Orb.
     0 | D:1      | Reached XP level 1. HP: 19/19 MP: 1/1
   240 | D:1      | Reached XP level 2. HP: 21/27 MP: 2/2
   436 | D:1      | Reached skill level 3 in Axes
   612 | D:1      | Reached XP level 3. HP: 30/33 MP: 3/3
  1243 | D:2      | Reached skill level 4 in Axes
  1243 | D:2      | Reached XP level 4. HP: 37/40 MP: 4/4
  1496 | D:2      | Found a shadowy altar of Dithmenos.
  1841 | D:2      | Reached skill level 1 in Dodging
  2021 | D:2      | Reached XP level 5. HP: 44/46 MP: 5/5
  2245 | D:3      | Reached skill level 5 in Axes
  2245 | D:3      | Reached XP level 6. HP: 55/55 MP: 6/6
  3353 | D:4      | Killed from afar by an orc priest

Illustrated notes

Levels and vault maps discovered:
D:1:      wander_arrival_chamber, layout_rooms, serial_forest,
          infiniplex_forest_clump_small, infiniplex_forest_end_double,
          infiniplex_forest_zigzag_2, infiniplex_forest_lined_4_way,
          infiniplex_forest_end_1, infiniplex_forest_clump_C,
          infiniplex_forest_lined_3, infiniplex_forest_lined_room_
D:2:      wad_river_or_something, layout_basic, minmay_misc_feat_rows,
          nicolae_dithmenos_through_a_glass_darkly
D:3:      layout_rooms
D:4:      layout_loops_cross

Skill      XL: |  1  2  3  4  5 |
---------------+----------------+-----
Fighting       | 4 |  4.9
Axes           | 3 4 5 |  5.5
Dodging        | 1 |  1.9
Shields        | 4 |  4.4
Armour         | 4 |  4.0
Stealth        | |  0.1

Action                   |  1- 3 |  4- 6 || total
-------------------------+-------+-------++-------
Melee: War axe           |   152 |   142 ||   294
       Mace              |       |    72 ||    72
  Use: Scroll            |       |     2 ||     2
       Potion            |       |     2 ||     2
Armor: Scale mail        |    52 |   106 ||   158
       Skin              |       |    14 ||    14
Dodge: Dodged            |    39 |    78 ||   117
Block: Kite shield       |    76 |   133 ||   209
